 Dungeon Crawl Stone Soup version 0.25.1-2-g60ff931df9 (webtiles) character file.

Game seed: 17374831284267144098

67 Impeuri the Chucker (level 4, -8/45 HPs)
             Began as an Ogre Hunter on Aug 21, 2020.
             Mangled by a gnoll
             ... wielding a +0 halberd
              (13 damage)
             ... on level 2 of the Dungeon.
             The game lasted 00:02:52 (1856 turns).

Impeuri the Chucker (Ogre Hunter)                   Turns: 1856, Time: 00:02:53

Health: -8/45      AC:  3    Str: 17    XL:     4   Next: 18%
Magic:  4/4        EV:  9    Int: 12    God:
Gold:   61         SH:  0    Dex:  5    Spells: 3/3 levels left

rFire    . . .     SeeInvis .   i - +0 whip
rCold    . . .     Gourm    .   (no shield)
rNeg     . . .     Faith    .   b - +0 robe
rPois    .         Spirit   .   (helmet restricted)
rElec    .         Reflect  .   (no cloak)
rCorr    .         Harm     .   (gloves unavailable)
MR       .....                  (boots unavailable)
Stlth    +.........             (no amulet)
HPRegen  0.15/turn              h - -4 ring of dexterity (curse)
MPRegen  0.09/turn              (no ring)

@: no status effects
A: large, unfitting armour, tough skin 1
a: no special abilities


You were on level 2 of the Dungeon.
You were not hungry.

You visited 1 branch of the dungeon, and saw 2 of its levels.

You collected 61 gold pieces.

Inventory:

Hand Weapons
 i - a +0 whip (weapon)
Armour
 b - a +0 robe (worn)
Jewellery
 h - a cursed -4 ring of dexterity (left hand)
Scrolls
 e - a scroll of identify {unknown}
 j - a scroll of random uselessness {unknown}
 k - 2 scrolls of enchant armour {unknown}
Potions
 g - a potion of flight {unknown}
 l - a potion of ambrosia
Comestibles
 f - 5 rations


   Skills:
 + Level 3.5 Fighting
 + Level 1.0 Maces & Flails
 * Level 4.7 Throwing
 + Level 2.3 Dodging
 - Level 0.6 Stealth


You had 3 spell levels left.
You didn't know any spells.
Your spell library was empty.

Dungeon Overview and Level Annotations

Branches:
Dungeon (2/15)

Altars:


Innate Abilities, Weirdness & Mutations

You are too large for most types of armour.
You have tough skin. (AC +1)


Message History

The gnoll is lightly wounded.
The gnoll struggles against the net.
The gnoll hits you from afar with a +0 halberd.
The gnoll closely misses you.
The gnoll struggles against the net.
The net rips apart, and the gnoll comes free!
You hit the gnoll but do no damage.
The gnoll is lightly wounded.
The gnoll barely misses you. The gnoll closely misses you.
You hit the gnoll.
The gnoll is heavily wounded.
The gnoll hits you with a +0 whip.
The gnoll hits you from afar with a +0 halberd!
* * * LOW HITPOINT WARNING * * *
You closely miss the gnoll.
The gnoll is heavily wounded.
The gnoll hits you with a +0 whip.
* * * LOW HITPOINT WARNING * * *
The gnoll hits you from afar with a +0 halberd!
You die...

####.##(.....# #
#.....#.#+#### ###
#.#.##....# ####.#
#.#.###.#.# .÷÷).#
#.....#.#(# ####.#
###.#.#.#g# .<.#.#
#.#.#.#g#
####.#####.#†#.#g#
.........[.#.#.#@#
####.#######.#.#.#
.....# #...#.#
###### #####.. ###


You could see 3 gnolls.

Vanquished Creatures
  2 gnolls
  An adder (D:2)
  3 leopard geckos (D:1)
  4 bats (D:1)
  A giant cockroach (D:1)
  5 goblins (D:1)
  5 hobgoblins
  4 jackals (D:2)
  2 kobolds
  A frilled lizard (D:1)
  5 rats (D:1)
33 creatures vanquished.

Notes
Turn   | Place    | Note
-------+----------+-------------------------------------------
     0 | D:1      | Impeuri the Ogre Hunter began the quest for the Orb.
     0 | D:1      | Reached XP level 1. HP: 22/22 MP: 1/1
    81 | D:1      | Reached XP level 2. HP: 12/29 MP: 2/2
   701 | D:1      | Reached XP level 3. HP: 37/37 MP: 3/3
  1614 | D:2      | Paralysed by fainting for 9 turns
  1829 | D:2      | Reached XP level 4. HP: 45/45 MP: 4/4
  1847 | D:2      | Reached skill level 1 in Maces & Flails
  1856 | D:2      | Mangled by a gnoll

Illustrated notes

Levels and vault maps discovered:
D:1:      evilmike_arrival_plus, layout_basic, chequers_serial_rivers_large_b
D:2:      layout_basic

Skill      XL: |  1  2  3  4 |
---------------+-------------+-----
Fighting       | 3 |  3.5
Dodging        | 2 |  2.3
Maces & Flails | 1 |  1.0
Throwing       | |  4.7
Stealth        | |  0.6

Action                   |  1- 3 |  4- 6 || total
-------------------------+-------+-------++-------
Melee: Short sword       |    19 |       ||    19
       Whip              |   144 |     6 ||   150
Throw: Large rock        |    16 |     3 ||    19
       Throwing net      |     4 |     1 ||     5
  Use: Potion            |     2 |       ||     2
  Eat: Chunk             |     3 |       ||     3
Armor: Robe              |    70 |     1 ||    71
Dodge: Dodged            |   108 |     8 ||   116
